Semilg, lawful female human Valkyrie -- ----------- --- ---- ---.--.........| ---.---|..| ---- |.......-----..| |.....--..-- ---- --..-- |......-- ------..........| --..| |....| --.....-- ---....---......|---- |...| ---- --....-- ----...--- |......| --....--|..| ---- |...| ---..| |......| --.....---......-----------..---..| ---.--- |....------...--.--- ---.................................|---...| |............-||...| ---...........---.---------------.....--...--- |.--------....|---.--- |...........--- --- |....-- ---....[...| |.-- |.*.-- --...----- --....>......-- --....| --......----------..| --..---|.....--.-- |.............| |-...----- |....(.^...........| ---|....|--........| --............| |...^.--.--|%.........-------.| --.-|.--.--|.......-- |...........-------------.|.......|--.........-- |.| --...|.-|...|--.....| ---..--....aaN@o.oo..oooo.|-...|.-- |..<.......| |.| |....|..|--.----....| --- --....---------------|..---- --........-- |.| ---.....--....|--..-- |..--- |-.| |........| |.| |...........--|..| ---- |..| ---......| --.| ---.|.|......||..| |..| ---...-- |..| -------.|.------ ---- --..| |..| ----- ---- ---- Semilg the Skirmisher Experience level: 5 Strength: 18 Dexterity: 13 Constitution: 17 Intelligence: 10 Wisdom: 9 Charisma: 8 Health: 0(64) Energy: 8(8) Def: 4 Gold: 64 Moves: 2233 Dungeon seed: ZXRqQL0ljyR9S86f Game ID: Semilg_1631271343 Your Inventory: Coins $ - 64 gold pieces Weapons a - an uncursed +1 long sword (weapon in hand) b - a blessed +0 dagger g - 11 blessed +0 silver arrows q - an uncursed +0 long sword D - an uncursed +0 crossbow E - 3 blessed +1 crossbow bolts F - 3 uncursed +0 darts Armor e - an uncursed +3 small shield (being worn) n - a cursed +0 elven shield r - an uncursed +0 orcish helm y - an uncursed +0 pair of water walking boots z - an uncursed +0 ring mail N - an uncursed +0 splint mail Comestibles i - an uncursed fortune cookie j - an uncursed tin of male newt meat o - an uncursed food ration t - 2 uncursed tripe rations Scrolls p - an uncursed scroll of identify w - a blessed scroll of blank paper x - an uncursed scroll of blank paper A - a cursed scroll of blank paper B - an uncursed scroll of genocide Spellbooks s - an uncursed spellbook of sleep Potions f - an uncursed potion of water k - a cursed potion of gain level C - an uncursed potion of confusion J - a cursed potion of enlightenment Rings v - a cursed ring of polymorph Wands h - an uncursed wand of light (0:13) Tools d - an uncursed oil lamp (0:1301) u - an uncursed lock pick G - an uncursed mirror I - an uncursed wax candle (0:400) Gems H - an uncursed worthless piece of black glass Y - an uncursed worthless piece of green glass Spells and supernatural/magical abilities: Name Level Category Cost Memory W - pray for help -- divine ? -- Your skills at the end: Fighting Skills wands [Basic] Weapon Skills dagger [Basic] long sword [Basic] Spellcasting Skills Final Attributes: You had transgressed. You were immune to cold. You were poison resistant. You were stealthy. You were unlucky. Tyr was noncommittal. You are dead. Vanquished creatures: 2 small mimics a dingo 2 imps a yellow light 2 gnome lords a black naga hatchling a paper golem a kitten a homunculus a rothe a dwarf zombie a wererat a werejackal an iguana 4 killer bees an acid blob 9 manes 3 hobgoblins 6 giant rats 8 gnomes 4 geckos 15 jackals a fox a goblin 2 grid bugs 2 bats 2 lichens 3 newts 78 creatures vanquished. Voluntary challenges: You were an atheist. You used a wielded weapon 58 times, starting on turn 109. You were illiterate. You never genocided any monsters. You never polymorphed an object. You never changed form. You used no wishes. You never split a pudding. You never wrote Elbereth's name. You violated your moral code, losing 35 points of alignment, starting on turn 2221. Dungeon overview: The Dungeons of Doom: levels 1 to 5 Level 1 a long staircase Level 2 an armor shop Level 3 a general store, some fountains Level 4 stairs to The Gnomish Mines Level 5 The Gnomish Mines: Level 5 <- You were here stairs to The Dungeons of Doom History has recorded: On T:1 you entered the Dungeons of Doom to retrieve the Amulet of Yendor! On T:98 you reached level 2 of The Dungeons of Doom. On T:273 you reached level 3 of The Dungeons of Doom. On T:492 you advanced to experience level 2. On T:528 you advanced to experience level 3. On T:699 you reached level 4 of The Dungeons of Doom. On T:961 you advanced to experience level 4. On T:1225 you reached level 1 of The Gnomish Mines. On T:1276 you reached level 5 of The Dungeons of Doom. On T:1580 you advanced to experience level 5. Score breakdown: Gold: 64 ( 6166 points) Experience: 5 levels (11141 points) Exploration: 5 levels ( 10.20%) ( 8660 points) Discoveries: 3 items ( 1.20%) ( 3286 points) Valuables value: (no points given unless you survive) Artifact value: 0 ( 0 points) Variety of kills: 28 monsters ( 7.37%) ( 8143 points) Turncount: 2233 turns ( -163 points) Survival: died (score multiplied by 80%) Total score: 29786 Latest messages: [2 turns] There's still a monster there. (2x) It bites! It misses. It hits! You miss it. It bites! You can see again. You miss the Mordor orc. The red naga hatchling bites! The Mordor orc swings her scimitar at you. The Mordor orc hits! The red naga hatchling bites! You hear some noises in the distance. [2 turns] You miss the Mordor orc. (2x) The red naga hatchling bites! The Mordor orc swings her scimitar at you. The Mordor orc hits! You miss the Mordor orc. The red naga hatchling bites! You die... Final status: Farvel Semilg the Valkyrie, killed by a red naga hatchling... You died in The Gnomish Mines on dungeon level 5 with 29786 points, and 64 pieces of gold, after 2233 moves. You were level 5 with a maximum of 64 hit points when you died.